 Dungeon Crawl Stone Soup version 0.27.0-1-g7a089689b8 (webtiles) character file.

Game seed: 13018833406799611704

59 rng29 the Slasher (level 4, 0/33 HPs)
             Began as a Djinni Gladiator on Aug 3, 2021.
             Killed from afar by a white imp (12 damage)
             ... with a puff of frost
             ... on level 3 of the Dungeon.
             The game lasted 00:08:37 (1474 turns).

rng29 the Slasher (Djinni Gladiator)                Turns: 1474, Time: 00:08:38

Health: 0/33       AC:  4    Str: 13    XL:     4   Next: 22%
Gold:   65         EV: 12    Int: 11    God:
                   SH:  0    Dex: 14

rFire    + + .     SeeInvis .   a - +0 long sword
rCold    x . .     Faith    .   (no shield)
rNeg     . . .     Spirit   .   b - +0 leather armour
rPois    ∞         Reflect  .   c - +0 helmet
rElec    .         Harm     .   (no cloak)
rCorr    .         Rampage  .   (no gloves)
Will     .....                  (boots unavailable)
Stlth    +.........             (no amulet)
HPRegen  0.11/turn              (no ring)
MPRegen  0.00/turn              (no ring)

@: flying
A: sickness immunity, fire resistance 2, cold vulnerability 1, float, innate
caster, hp casting, extra vitality 1
a: no special abilities


You were on level 3 of the Dungeon.
You visited 1 branch of the dungeon, and saw 4 of its levels.

You collected 65 gold pieces.

Inventory:

Hand Weapons
 a - a +0 long sword (weapon)
Missiles
 d - 5 throwing nets (quivered)
Armour
 b - a +0 leather armour (worn)
 c - a +0 helmet (worn)
Jewellery
 i - an amulet of faith
Scrolls
 g - a scroll of vulnerability {unknown}
 h - a scroll of teleportation {unknown}
 j - a scroll of identify {unknown}
Potions
 e - a potion of curing


   Skills:
 + Level 2.2 Fighting
 + Level 3.8 Long Blades
 + Level 1.6 Throwing
 + Level 0.5 Armour
 + Level 3.7 Dodging


You had 2 spell levels left.
You knew the following spells:

 Your Spells              Type           Power      Damage    Failure   Level
a - Foxfire               Conj/Fire      0%         2x1d4     41%         1
Your spell library was empty.

Dungeon Overview and Level Annotations

Branches:
Dungeon (4/15)
 Temple: D:4-7

Altars:
Uskayaw


Innate Abilities, Weirdness & Mutations

You are immune to sickness and miasma.
You are immune to poison.
Your flesh is very heat resistant. (rF++)
You are vulnerable to cold. (rC-)
You float through the air rather than walking.
You learn spells naturally, not from books.
Your magical power is your life essence.
You have superior vitality. (+4 HP)


Message History

The puff of frost hits you.
You feel a terrible chill!
You see here a +0 club.
Casting: Foxfire (safe; 41% risk of failure)
Confirm with . or Enter, or press ? or * to list all spells.
You conjure some foxfire!
The foxfire hits the white imp.
The white imp is lightly wounded.
An endoplasm comes into view.
Press: ? - help, v - describe, . - travel
Here: a white imp (lightly wounded)
The floor.
Casting: Foxfire (safe; 41% risk of failure)
Confirm with . or Enter, or press ? or * to list all spells.
You miscast Foxfire.
You are very lightly contaminated with residual magic.
Nothing appears to happen.
Casting: Foxfire (safe; 41% risk of failure)
Confirm with . or Enter, or press ? or * to list all spells.
You conjure some foxfire!
You hit the quokka.
The quokka is moderately wounded.
The foxfire hits the quokka but does no damage.
The quokka is moderately wounded.
The foxfire hits the white imp but does no damage.
The white imp is lightly wounded.
The quokka bites you. The quokka bites you.
It was a potion of curing.
You feel better.
The white imp hits you but does no damage.
You closely miss the white imp.
The white imp is lightly wounded.
The white imp gestures at you. The puff of frost hits you!
You feel a terrible chill!
Your magical contamination has completely faded away.
As you read the scroll labelled NELEBLYAWK, it crumbles to dust.
You assume a fearsome visage.
The white imp is unaffected.
The quokka looks frightened!
It was a scroll of fear.
The white imp gestures at you. The puff of frost hits you!
You feel a terrible chill!
You die...

##..# #. #..######.
#########.........
#.##.........#######.
#..§.###.>...# #.
#....##### #. ##..###
#. #.5Jr# #. #@#..#
## #.#........
#.#.#......
..#.#.J....
###.#...... #.#....?.
#.# ..... #.# ....


You could see a white imp, an endoplasm and a quokka (fleeing).

Vanquished Creatures
  An adder (D:2)
  A worm (D:2)
  2 dart slugs (D:1)
  3 endoplasms
  3 giant cockroaches
  5 goblins
  6 hobgoblins
  3 jackals (D:1)
  3 quokkas (D:1)
  5 ball pythons
  3 bats
  2 kobolds (D:2)
  A rat (D:1)
38 creatures vanquished.

Vanquished Creatures (others)
  7 foxfires
7 creatures vanquished.

Grand Total: 45 creatures vanquished

Notes
Turn   | Place    | Note
-------+----------+-------------------------------------------
     0 | D:1      | rng29 the Djinni Gladiator began the quest for the Orb.
     0 | D:1      | Reached XP level 1. HP: 18/18 MP: 0/0
    73 | D:1      | Found a faded altar of an unknown god.
    79 | D:1      | Reached XP level 2. HP: 22/23 MP: 0/0
   443 | D:1      | Reached XP level 3. HP: 25/28 MP: 0/0
   443 | D:1      | Learned a level 1 spell: Foxfire
  1173 | D:2      | Reached XP level 4. HP: 30/33 MP: 0/0
  1372 | D:3      | Found a hide-covered altar of Uskayaw.
  1474 | D:3      | Killed from afar by a white imp

Illustrated notes

Levels and vault maps discovered:
D:1:      nicolae_arrival_washed_ashore, layout_loops_ring,
          hellmonk_ecumenical_altar_arch_garden, minmay_misc_feat_alley,
          solitary_fountain
D:2:      layout_loops_ring
D:3:      layout_rooms, nicolae_overflow_crystal_walls, uniq_ijyb
D:4:      layout_loops_corners, bloody_trog, serial_shops, shop, uniq_eustachio,
          uniq_sigmund

Skill      XL: |  1  2 |
---------------+-------+-----
Long Blades    | 3 |  3.8
Fighting       | |  2.2
Throwing       | |  1.6
Armour         | |  0.5
Dodging        | |  3.7

Action                   |  1- 3 |  4- 6 || total
-------------------------+-------+-------++-------
Melee: Long sword        |    92 |    21 ||   113
 Cast: Foxfire           |     2 |     3 ||     5
  Use: Potion            |     1 |     1 ||     2
       Scroll            |       |     1 ||     1
 Stab: Sleeping          |     1 |       ||     1
Armor: Leather armour    |    25 |     6 ||    31
       Skin              |     8 |       ||     8
Dodge: Dodged            |    64 |    15 ||    79
       Rpst.: Long sword |    16 |     6 ||    22
